Cogmind - Beta 12 @@@ ROGUE MODE // 2023.03.04 @ 13:32:43 Player: Shin Result: Destroyed by S-27 Virus with Autogun Performance ------------- Evolutions (5) 2500 Regions Visited (10) 2000 Robots Destroyed (114) 570 Value Destroyed (4776) 4776 Prototype IDs (27) 540 Alien Tech Used (0) 0 Bonus (381) 381 TOTAL SCORE: 10767 Bonus ------- High Alert Combat Kills 263 Follower Combat Kills 215 Entered Garrisons 200 Friendly Fire -297 Cogmind --------- Core Integrity 0/1000 Matter 120/300 Energy 210/210 System Corruption 0% Temperature Cool (0) Movement Core (350) Ox6 Location -5/Factory Parts ------- > --- POWER (2) -------- Light Nuclear Core Micro Nuclear Core > --- PROPULSION (4) --- (None) > --- UTILITY (8) ------ (None) > --- WEAPON (3) ------- Heavy Shock Bomb Launcher > --- INVENTORY (5) ---- Superbattery (1500) Energy Filter Thermal Defense Suite Peak State ------------ > --- POWER ------------ Cold Fusion Reactor Cold Fusion Reactor > --- PROPULSION ------- Carbon-fiber Leg Carbon-fiber Leg Improved Titanium Leg Wheel > --- UTILITY ---------- Improved Heat Sink Improved Heat Sink High-capacity Storage Unit Advanced Terrain Scan Processor Improved Kinecellerator Reaction Control System Thermal Defense Suite Hardlight Generator > --- WEAPON ----------- Improved Heavy Machine Gun Gauss Cannon Mass Driver > --- INVENTORY -------- Light Nuclear Core Light Nuclear Core Light Nuclear Core Micro Nuclear Core Coolant Injector Superbattery Compact Matter Pod Melee Analysis Suite Energy Filter Thermal Shield System Restoration Module Recalibrator Rocket Launcher Makeshift Spear [Rating: 73] Favorites ----------- Power Micro Nuclear Core Engine Reinforced Deuterium Engine Power Core Micro Nuclear Core Reactor Cold Fusion Reactor Propulsion Light Treads Treads Light Treads Leg Improved Titanium Leg Wheel Armored Huge Wheel Hover Unit Gravmag System Utility High-capacity Storage Unit Device Improved Heat Sink Storage High-capacity Storage Unit Processor Transport Network Coupler Protection Reactive Plating Weapon Improved Light Cannon Energy Gun Heavy Particle Gun Energy Cannon Heavy Ion Cannon Ballistic Gun Coil Gun Ballistic Cannon Improved Light Cannon Launcher Rocket Launcher Special Weapon Mining Laser Piercing Weapon Makeshift Spear Build | -11 -10 -10 -10 -9 -8 -7 -7 -7 -6 -5 ------- Run | Jun Mat Min Exi Min Mat Fac Gar Fac Fac Fac Slots Evolved 10 | . . . . . 4 2 . . 2 2 Power 1 | . . . . . . . . . 1 . Propulsion 2 | . . . . . 1 1 . . . . Utility 6 | . . . . . 2 1 . . 1 2 Weapon 1 | . . . . . 1 . . . . . Parts Attached 123 | . 15 . 2 6 15 8 20 9 32 16 Power 16 | . 3 . 1 . 2 . 3 . 4 3 Engine 8 | . 3 . . . 1 . 2 . 2 . Core 6 | . . . 1 . 1 . 1 . 1 2 Reactor 2 | . . . . . . . . . 1 1 Propulsion 27 | . 6 . . 1 1 5 2 1 8 3 Treads 3 | . 2 . . . . . . . 1 . Leg 13 | . 4 . . . . 4 . . 4 1 Wheel 10 | . . . . 1 1 1 2 1 3 1 Hover 1 | . . . . . . . . . . 1 Flight . | . . . . . . . . . . . Utility 36 | . 3 . . . 6 2 5 5 8 7 Device 24 | . . . . . 3 2 3 4 5 7 Storage 2 | . 2 . . . . . . . . . Processor 2 | . 1 . . . . . . . 1 . Hackware . | . . . . . . . . . . . Protection 8 | . . . . . 3 . 2 1 2 . Artifact . | . . . . . . . . . . . Weapon 44 | . 3 . 1 5 6 1 10 3 12 3 Energy Gun 4 | . . . . . 2 . . 1 1 . Energy Cannon 1 | . . . . . . 1 . . . . Ballistic Gun 10 | . 1 . . . 1 . 6 . 2 . Ballistic Cannon 14 | . 2 . . 3 2 . . 2 4 1 Launcher 10 | . . . . 2 . . 3 . 3 2 Special Weapon 1 | . . . 1 . . . . . . . Impact Weapon . | . . . . . . . . . . . Slashing Weapon . | . . . . . . . . . . . Piercing Weapon 4 | . . . . . 1 . 1 . 2 . Special Melee Weapon . | . . . . . . . . . . . Unidentified Prototypes 4 | . . . . . 1 . . . 2 1 Parts Lost 46 | . 3 . . . 1 . 3 3 24 12 Power 5 | . 1 . . . 1 . . . 3 . Propulsion 12 | . 1 . . . . . . . 8 3 Utility 17 | . . . . . . . 3 2 6 6 Weapon 12 | . 1 . . . . . . 1 7 3 Highest Loss Streak 10 | . 3 . . . 1 . 1 2 6 10 To Critical Strikes 1 | . . . . . . . . . 1 . Average Slot Usage (%) 90 | . 94 100 100 93 84 99 89 83 83 62 Engine 6 | . 13 14 3 . 2 . 4 7 10 . Core 4 | . . . 10 14 6 7 2 . . . Treads 8 | . 4 28 28 17 . . . . 2 . Leg 7 | . 22 . . . . 29 11 . 5 8 Wheel 5 | . . . . 4 15 . 9 15 6 3 Device 10 | . . . . . 17 14 12 21 23 22 Storage 9 | . 14 14 14 14 9 7 7 7 6 3 Processor 6 | . 9 14 14 14 8 . . . 3 3 Protection 4 | . . . . . 1 15 17 8 4 . Energy Gun 4 | . 9 . . . 4 14 7 3 2 . Energy Cannon 1 | . . . . . . . 7 7 . . Ballistic Gun 3 | . 9 . . . 3 7 6 1 . 3 Ballistic Cannon 11 | . 9 28 17 21 15 . . 9 9 6 Special Weapon 2 | . . . 10 3 . . . . . . Naked Turns 101 | . . . . . . . . . . 101 Heaviest Build 106 | 14 53 53 53 54 80 87 95 93 106 101 Greatest Support 78 | 20 40 40 40 40 44 78 78 56 56 50 Greatest Overweight (x) 17 | . 1 1 1 17 2 1 4 1 8 10 Average Overweight (x) 1 | . . 1 1 1 1 1 1 1 2 2 Largest Inventory Capacity 20 | 8 20 20 20 20 20 20 20 20 20 20 Average Capacity 18 | 8 12 20 20 20 20 20 20 20 20 14 Most Carried 20 | 6 17 18 20 20 20 20 20 20 20 15 Average Carried 17 | 6 10 17 19 19 19 19 18 19 16 9 Final Capacity 20 | 8 20 20 20 20 20 20 20 20 20 5 Final Carried 20 | 6 17 18 20 20 20 19 20 20 16 3 Class Distribution -------------------- 45% | Mutant 16% | Scavenger-Mutant 16% | Tank 9% | Scavenger-Tank 4% | Skirmisher 4% | Infiltrator-Skirmisher 3% | Infiltrator-Mutant Dominant Class ---------------- Scavenger-Mutant | -10/Materials Mutant | -10/Mines Mutant | -10/Exiles Mutant | -9/Mines Infiltrator-Skirmisher | -8/Materials Tank | -7/Factory Tank | -7/Garrison Skirmisher | -7/Factory Scavenger-Mutant | -6/Factory Scavenger-Tank | -5/Factory Resources | -11 -10 -10 -10 -9 -8 -7 -7 -7 -6 -5 ----------- Run | Jun Mat Min Exi Min Mat Fac Gar Fac Fac Fac Matter Collected 3370 | 200 497 44 110 203 566 90 564 263 833 . Remotely . | . . . . . . . . . . . Salvage Created 4205 | . 757 . 78 35 719 93 845 192 1257 229 Parts 196 | . 42 . 6 8 32 5 31 6 50 16 Haulers Intercepted 7 | . 2 . . . 3 . . . 2 . Recyclers Shooed 2 | . 1 . . . . . . . 1 . Parts Field Recycled . | . . . . . . . . . . . Retrieved Matter . | . . . . . . . . . . . Parts Self-Destructed . | . . . . . . . . . . . Prevented . | . . . . . . . . . . . Kills | -11 -10 -10 -10 -9 -8 -7 -7 -7 -6 -5 ------- Run | Jun Mat Min Exi Min Mat Fac Gar Fac Fac Fac Combat Hostiles Destroyed 92 | . 15 . . 10 12 2 20 6 17 10 Melee 5 | . . . . . 2 . . . 3 . Guns 20 | . 12 . . . 2 2 2 1 1 . Cannons 33 | . 3 . . 3 8 . 5 5 8 1 AOE 32 | . . . . 6 . . 12 . 5 9 Classes Destroyed 15 | . 4 . . 2 4 . 2 1 2 . Worker 6 | . . . . . 1 . . . 5 . Builder 3 | . . . . . . . . . 3 . Hauler 7 | . 2 . . . 3 . . . 2 . Recycler 6 | . 1 . . . 1 . . . 4 . Operator 1 | . . . . . 1 . . . . . Watcher 1 | . 1 . . . . . . . . . Swarmer 13 | . . . . 6 . . . . 1 6 Grunt 56 | . 15 . 2 . 9 2 13 3 10 2 Brawler 2 | . . . . . . . 1 . 1 . Duelist 3 | . . . . . . . 2 . . 1 Sentry 7 | . . . . . 2 . 4 1 . . Specialist 2 | . . . . . . . . . 2 . Hunter 2 | . . . . . 1 . . . 1 . Programmer 5 | . . . . . . . . 2 2 1 Assembled 4 | . . . . 4 . . . . . . Best Kill Streak 9 | . 3 . . 4 3 1 9 4 9 7 Combat Bots Only 9 | . 3 . . 4 3 1 9 4 4 7 Max Kills in Single Turn 7 | . 2 . 1 3 1 1 2 1 5 7 Gunslinging 1 | . 1 . . . . . . . . . Exploded 7 | . . . . 3 . . 2 . 3 7 Melee 1 | . . . . . 1 . . . 1 . Uniques/NPCs Destroyed . | . . . . . . . . . . . Combat | -11 -10 -10 -10 -9 -8 -7 -7 -7 -6 -5 -------- Run | Jun Mat Min Exi Min Mat Fac Gar Fac Fac Fac Damage Taken 8211 | . 855 . . 283 726 160 1014 904 2531 1738 Core 1873 | . 151 . . 87 136 17 77 116 289 1000 Absorbed by Shields 184 | . . . . . . . 20 . 48 116 Core Remaining (%) 63 | 100 . . . 4 75 . . 70 66 . Volleys Fired 286 | . 60 1 34 11 35 6 50 27 55 7 Largest 3 | . 2 2 2 2 3 3 3 3 3 3 Hottest 193 | . 78 78 100 78 138 138 150 193 193 120 Shots Fired 599 | . 119 2 35 18 94 18 106 69 129 9 Gun 240 | . 89 . . . 20 18 58 8 46 1 Cannon 298 | . 30 2 2 14 74 . 33 61 76 6 Launcher 28 | . . . . 4 . . 15 . 7 2 Special 33 | . . . 33 . . . . . . . Kinetic 328 | . 74 2 2 14 80 6 23 36 84 7 Thermal 243 | . 45 . 33 . 14 12 68 33 38 . Explosive 28 | . . . . 4 . . 15 . 7 2 Electromagnetic . | . . . . . . . . . . . Robot Hit Streak 10 | . 7 2 3 3 8 7 10 9 9 6 Robot Miss Streak 8 | . 5 1 6 2 4 6 4 6 8 2 Penetration Max . | . . . . . . . . . . . Secondary Targets 1 | . 1 . . . . . . . . . Max Gunslinging Chain 1 | . 1 . . . . . . . . . Shots Hit Robots 376 | . 72 1 18 9 63 8 65 37 98 5 Core Hits 227 | . 32 . 7 15 32 10 46 12 61 12 Critical Kills . | . . . . . . . . . . . Critical Parts Destroyed . | . . . . . . . . . . . Critical Strikes 21 | . 5 . . . 1 . 2 2 11 . Burn 7 | . 5 . . . . . 2 . . . Blast 13 | . . . . . 1 . . 2 10 . Impale 1 | . . . . . . . . . 1 . Melee Attacks 34 | . . . . . 8 . . . 26 . Impact . | . . . . . . . . . . . Slashing . | . . . . . . . . . . . Piercing 34 | . . . . . 8 . . . 26 . Sneak Attacks 5 | . . . . . 1 . . . 4 . Combat Hostiles . | . . . . . . . . . . . Follow-up Attacks . | . . . . . . . . . . . Damage Inflicted 12442 | . 1011 23 493 507 1382 163 2534 1064 3908 1357 Guns 2614 | . 724 . . . 225 163 664 191 647 . Cannons 4521 | . 287 23 31 191 945 . 757 873 1330 84 Explosions 4154 | . . . . 316 . . 1113 . 1452 1273 Melee 690 | . . . . . 212 . . . 478 . Ramming 1 | . . . . . . . . . 1 . Kinetic 4343 | . 712 23 31 191 1007 81 264 587 1363 84 Thermal 5099 | . 299 . 462 . 163 82 1157 477 1378 1081 Explosive 2309 | . . . . 316 . . 1113 . 688 192 Electromagnetic . | . . . . . . . . . . . Impact . | . . . . . . . . . . . Slashing . | . . . . . . . . . . . Piercing 690 | . . . . . 212 . . . 478 . Highest Corruption 3 | . . . . . . . . 3 2 . Average Corruption 2 | . . . . . . . . 2 1 . Corruption Purged . | . . . . . . . . . . . Corruption Blocked . | . . . . . . . . . . . Effects 9 | . . . . . . . . 5 4 . Message Errors 1 | . . . . . . . . . 1 . Matter Fused 3 | . . . . . . . . 3 . . Heat Flow Errors 1 | . . . . . . . . . 1 . Data Loss (minor) 3 | . . . . . . . . 1 2 . Data Loss (major) 1 | . . . . . . . . 1 . . Overload Shots . | . . . . . . . . . . . Overflow Damage 620 | . . . 13 12 33 . 14 35 183 330 Projectiles 89 | . . . 13 12 12 . 8 35 9 . Explosions 409 | . . . . . . . 6 . 73 330 Melee 122 | . . . . . 21 . . . 101 . Knockbacks 58 | . 4 1 2 10 16 . . 8 17 . Impact . | . . . . . . . . . . . Kinetic 49 | . 4 1 2 6 14 . . 7 15 . Secondary 9 | . . . . 4 2 . . 1 2 . Self-Inflicted Damage 546 | . . . . 47 . . . . 94 405 Shots 10 | . . . . 2 . . . . 2 6 Rammed 1 | . . . . . . . . . 1 . Targets Rammed 1 | . . . . . . . . . 1 . Kicked . | . . . . . . . . . . . Crushed . | . . . . . . . . . . . Highest Temperature 718 | . 176 18 246 132 383 280 718 469 242 49 Average Temperature 105 | . 52 12 88 54 110 139 154 178 90 33 Received Heat Transfer 2585 | . 489 . . . 450 90 423 237 631 265 Effects 22 | . . . . . 2 . 11 9 . . Shutdowns 5 | . . . . . 1 . 2 2 . . Energy Bleed 2 | . . . . . 1 . . 1 . . Interference 2 | . . . . . . . 2 . . . Matter Decay 2 | . . . . . . . 2 . . . Short Circuit 4 | . . . . . . . 3 1 . . Damage (minor) 1 | . . . . . . . 1 . . . Damage (major) 6 | . . . . . . . 1 5 . . Siege Activations . | . . . . . . . . . . . Robots Corrupted . | . . . . . . . . . . . Combat Hostiles . | . . . . . . . . . . . Parts Fried . | . . . . . . . . . . . Impact Corruptions 1 | . . . . 1 . . . . . . Robots Melted 1 | . . . . . . . 1 . . . Combat Hostiles 1 | . . . . . . . 1 . . . Parts Melted 11 | . 3 . . . . . 5 2 1 . Heat Transferred 7840 | . 1258 . 900 . 296 148 1961 770 1757 750 Parts Sabotaged . | . . . . . . . . . . . Parts Stolen . | . . . . . . . . . . . Parts Stripped . | . . . . . . . . . . . Power Chain Reactions . | . . . . . . . . . . . Missiles Intercepted . | . . . . . . . . . . . Alert | -11 -10 -10 -10 -9 -8 -7 -7 -7 -6 -5 ------- Run | Jun Mat Min Exi Min Mat Fac Gar Fac Fac Fac Peak Influence 947 | . 247 55 . 128 319 196 947 525 439 548 Initial 497 | . . 55 . . 49 144 9 497 222 200 Average 184 | . 136 34 . 52 157 88 314 446 147 281 Maximum Alert Level 3 | . 1 . . . 1 . 3 2 2 2 Low Security (%) 64 | 100 81 100 . 100 68 100 54 . 60 . Level 1 20 | . 18 . . . 31 . 9 21 38 79 Level 2 10 | . . . . . . . 17 78 1 20 Level 3 3 | . . . . . . . 19 . . . Level 4 . | . . . . . . . . . . . Level 5 . | . . . . . . . . . . . High Security . | . . . . . . . . . . . Max Security . | . . . . . . . . . . . Squads Dispatched 27 | . 5 . . 1 4 3 . 6 5 3 Investigation 9 | . 3 . . 1 1 2 . . . 2 Extermination 4 | . . . . . . 1 . 1 2 . Reinforcement 11 | . 2 . . . 3 . . 2 3 1 Assault . | . . . . . . . . . . . Garrison 3 | . . . . . . . . 3 . . Intercept . | . . . . . . . . . . . Searches Triggered . | . . . . . . . . . . . Construction Impeded 1 | . . . . . . . . 1 . . Haulers Reinforced 2 | . . . . . . . . . 2 . Active Scanning Responses . | . . . . . . . . . . . Cargo Convoy Interrupts . | . . . . . . . . . . . Stealth | -11 -10 -10 -10 -9 -8 -7 -7 -7 -6 -5 --------- Run | Jun Mat Min Exi Min Mat Fac Gar Fac Fac Fac Distress Signals 9 | . 2 . . . 3 . . 1 2 1 Communications Jammed 52 | . . . . . 34 18 . . . . Distress Signals 52 | . . . . . 34 18 . . . . Times Spotted 164 | . 25 . . 19 22 3 27 9 35 24 Peak Tracking Total 11 | . 5 . . 11 5 2 6 4 11 10 Tactical Retreats 10 | . 2 . . 1 3 . . . 2 2 Traps | -11 -10 -10 -10 -9 -8 -7 -7 -7 -6 -5 ------- Run | Jun Mat Min Exi Min Mat Fac Gar Fac Fac Fac Traps Triggered 12 | . 2 . . . . . 5 4 1 . Indirectly . | . . . . . . . . . . . Trap Hack Attempts . | . . . . . . . . . . . Triggered . | . . . . . . . . . . . Disarmed . | . . . . . . . . . . . Reprogrammed . | . . . . . . . . . . . Reused . | . . . . . . . . . . . Traps Extracted . | . . . . . . . . . . . Installed . | . . . . . . . . . . . Triggered . | . . . . . . . . . . . Machines | -11 -10 -10 -10 -9 -8 -7 -7 -7 -6 -5 ---------- Run | Jun Mat Min Exi Min Mat Fac Gar Fac Fac Fac Machines Disabled 20 | . . . . 2 . . 4 . 5 9 Max in Single Turn 5 | . . . . 1 . . 1 . 4 5 Garrison Relay 3 | . . . . . . . 3 . . . Machines Repaired . | . . . . . . . . . . . Machines Sabotaged . | . . . . . . . . . . . Overloaded Fab Kills . | . . . . . . . . . . . Hacking | -11 -10 -10 -10 -9 -8 -7 -7 -7 -6 -5 --------- Run | Jun Mat Min Exi Min Mat Fac Gar Fac Fac Fac Machines Accessed 26 | . 3 . 3 1 3 4 3 4 1 4 Terminals 16 | . 3 . . . 2 2 3 2 1 3 Fabricators 1 | . . . . . . 1 . . . . Repair Stations 2 | . . . . . 1 . . 1 . . Recycling Units 1 | . . . . . . . . . . 1 Scanalyzers . | . . . . . . . . . . . Garrison Access 2 | . . . . . . 1 . 1 . . Total Hacks 85 | . 8 . 29 1 10 7 8 9 2 11 Successful 47 | . 3 . 29 1 3 2 2 1 1 5 Failed 38 | . 5 . . . 7 5 6 8 1 6 Catastrophic 9 | . 2 . . . 1 2 2 1 . 1 Database Lockouts . | . . . . . . . . . . . Manual 24 | . 6 . 5 . 3 1 1 . . 8 Terminals 39 | . 8 . . . 4 3 8 6 2 8 Fabricators 1 | . . . . . . 1 . . . . Repair Stations 7 | . . . . . 6 . . 1 . . Recycling Units 3 | . . . . . . . . . . 3 Scanalyzers . | . . . . . . . . . . . Garrison Access 5 | . . . . . . 3 . 2 . . Terminal Hacks 36 | . 1 . 29 1 1 . 2 1 1 . Record 28 | . . . 28 . . . . . . . Robot Analysis 1 | . . . . . 1 . . . . . Open Door 2 | . . . . 1 . . 1 . . . Open DSF 2 | . . . . . . . . 1 1 . Emergency Access Points 1 | . . . . . . . 1 . . . Reinforcement Status 1 | . 1 . . . . . . . . . EX-Prototype ID Bank 1 | . . . 1 . . . . . . . Fabricator Hacks 1 | . . . . . . 1 . . . . Build 1 | . . . . . . 1 . . . . Repair Station Hacks 2 | . . . . . 2 . . . . . Scan Component 2 | . . . . . 2 . . . . . Recycling Unit Hacks 1 | . . . . . . . . . . 1 Report Inventory 1 | . . . . . . . . . . 1 Scanalyzer . | . . . . . . . . . . . Garrison Access Hacks 1 | . . . . . . 1 . . . . Unlock Access 1 | . . . . . . 1 . . . . Unauthorized Hacks 6 | . 2 . . . . . . . . 4 Terminals 6 | . 2 . . . . . . . . 4 Assimilate 1 | . . . . . . . . . . 1 Botnet 3 | . 2 . . . . . . . . 1 Detonate 1 | . . . . . . . . . . 1 Disrupt 1 | . . . . . . . . . . 1 Fabricators . | . . . . . . . . . . . Repair Stations . | . . . . . . . . . . . Recycling Units . | . . . . . . . . . . . Scanalyzers . | . . . . . . . . . . . Garrison Access . | . . . . . . . . . . . Data Cores Recovered . | . . . . . . . . . . . Used . | . . . . . . . . . . . Hacking Detections 22 | . 3 . . . 3 4 3 4 1 4 Full Trace Events 8 | . 1 . . . 2 2 1 . . 2 Feedback Events . | . . . . . . . . . . . Feedback Blocked . | . . . . . . . . . . . Robot Schematics Acquired . | . . . . . . . . . . . Robots Built . | . . . . . . . . . . . Authchips . | . . . . . . . . . . . Time . | . . . . . . . . . . . Total Robot Build Rating . | . . . . . . . . . . . Part Schematics Acquired . | . . . . . . . . . . . Parts Built 1 | . . . . . . 1 . . . . Authchips . | . . . . . . . . . . . Time 58 | . . . . . . 58 . . . . Total Part Build Rating 7 | . . . . . . 7 . . . . Parts Repaired . | . . . . . . . . . . . Time . | . . . . . . . . . . . Parts Recycled . | . . . . . . . . . . . Recycled Matter . | . . . . . . . . . . . Retrieved Matter . | . . . . . . . . . . . Retrieved Components . | . . . . . . . . . . . Parts Scanalyzed . | . . . . . . . . . . . Part Schematics Acquired . | . . . . . . . . . . . Parts Damaged . | . . . . . . . . . . . Bothacking | -11 -10 -10 -10 -9 -8 -7 -7 -7 -6 -5 ------------ Run | Jun Mat Min Exi Min Mat Fac Gar Fac Fac Fac Used RIF Installer . | . . . . . . . . . . . Robots Hacked . | . . . . . . . . . . . Non-combat . | . . . . . . . . . . . Combat . | . . . . . . . . . . . Robot Hacks Applied . | . . . . . . . . . . . Relay Couplers Released 15 | . . . . . . . 15 . . . Machine Destruction 15 | . . . . . . . 15 . . . Fabnet Peak Effective % . | . . . . . . . . . . . Robots Rewired 6 | . . . 3 . . . 3 . . . Allies Hacked . | . . . . . . . . . . . Hacks Repelled . | . . . . . . . . . . . Allies | -11 -10 -10 -10 -9 -8 -7 -7 -7 -6 -5 -------- Run | Jun Mat Min Exi Min Mat Fac Gar Fac Fac Fac Total Allies 7 | . . . 3 . . . 3 . . 1 Largest Group 3 | . . . 2 1 . . 3 . . 1 Highest-Rated Group 101 | . . . 29 21 . . 101 . . 26 Highest-Rated Ally 39 | . . . 21 21 . . 39 . . 26 Total Orders 1 | . . . . 1 . . . . . . STAY 1 | . . . . 1 . . . . . . Ally Attacks 42 | . . . . 4 . . 38 . . . Total Damage 617 | . . . . 69 . . 548 . . . Kills 8 | . . . . 1 . . 7 . . . Allies Corrupted . | . . . . . . . . . . . Allies Melted 1 | . . . . . . . 1 . . . Intel | -11 -10 -10 -10 -9 -8 -7 -7 -7 -6 -5 ------- Run | Jun Mat Min Exi Min Mat Fac Gar Fac Fac Fac Robot Analysis Total 1 | . . . . . 1 . . . . . Derelict Logs Recovered 2 | . . 2 . . . . . . . . Drone Launches . | . . . . . . . . . . . Drone Recoveries . | . . . . . . . . . . . Exploration | -11 -10 -10 -10 -9 -8 -7 -7 -7 -6 -5 ------------- Run | Jun Mat Min Exi Min Mat Fac Gar Fac Fac Fac Turns Passed 9288 | 2 1012 645 1615 645 705 751 1257 669 1567 420 Spaces Moved 4598 | 2 503 268 594 323 390 324 650 469 721 354 Core 230 | . . . . 3 . . . . . 227 Treads 1095 | . 74 268 594 159 . . . . . . Legs 1108 | 2 429 . . . . 315 147 . 213 2 Wheels 2157 | . . . . 161 390 9 503 469 508 117 Hover 8 | . . . . . . . . . . 8 Flight . | . . . . . . . . . . . Fastest Speed 50 | 120 120 240 240 115 115 115 115 115 108 50 Average Speed 167 | 120 152 240 240 183 120 197 150 115 175 107 Slowest Speed 900 | 120 240 240 240 900 130 200 410 115 410 350 Overloaded Moves . | . . . . . . . . . . . Propulsion Burnouts . | . . . . . . . . . . . Robots Hopped . | . . . . . . . . . . . Cave-ins Triggered . | . . . . . . . . . . . Exploration Rate (%) 39 | 2 72 53 92 60 29 6 76 12 13 14 Regions Visited 10 Branch Regions 3 Pre-discovered Areas 2 | . . 1 1 . . . . . . . Known Exits Taken 2 | . . . . . 1 1 . . . . Unknown Exits Taken 7 | 1 1 1 1 1 . . . 1 1 . Scrap Searched 2 | . . 1 . 1 . . . . . . Spaces Dug 2 | . . . . . . . . 2 . . Terrain Destroyed 296 | . 3 . 8 55 4 . 53 11 78 84 Melee . | . . . . . . . . . . . Projectile 47 | . 3 . 8 2 4 . 2 11 14 3 AOE 249 | . . . . 53 . . 51 . 64 81 Terrain Rammed . | . . . . . . . . . . . Walls Destroyed . | . . . . . . . . . . . Machines Disabled . | . . . . . . . . . . . Actions | -11 -10 -10 -10 -9 -8 -7 -7 -7 -6 -5 --------- Run | Jun Mat Min Exi Min Mat Fac Gar Fac Fac Fac Total 5562 | 1 633 269 684 358 542 424 840 540 886 385 Wait 273 | . 22 . 20 2 76 72 36 12 33 . Move 4589 | 1 502 267 593 322 389 324 649 468 720 354 Hop . | . . . . . . . . . . . Pick Up 87 | . 20 1 6 7 10 6 8 4 19 6 Fast Attach 21 | . 3 . . 1 4 2 5 3 . 3 Attach 58 | . 5 . . . 5 6 5 2 23 12 Detach 4 | . . . . . . 1 1 . . 2 Swap 46 | . 7 . 2 5 6 . 12 4 9 1 Drop 58 | . 14 . 4 10 9 7 10 4 . . Fire 286 | . 60 1 34 11 35 6 50 27 55 7 Melee 34 | . . . . . 8 . . . 26 . Ram 1 | . . . . . . . . . 1 . Kick . | . . . . . . . . . . . Crush . | . . . . . . . . . . . Escape Stasis 54 | . . . . . . . 38 16 . . Rewire 51 | . . . 25 . . . 26 . . . Trap . | . . . . . . . . . . . Miscellaneous . | . . . . . . . . . . . Route ------- -11/Junkyard -10/Materials -10/Mines (discovered 3 exits: [*Mat x2] / *Exi) -10/Exiles -9/Mines -8/Materials (discovered 2 exits: *Fac x2) -7/Factory -7/Garrison (discovered 3 exits: *Fac x3) -7/Factory -6/Factory -5/Factory History --------- Turn | Location | Event 1 | -11/Junkyard | Discovered new exit (range 1) 3 | -11/Junkyard | Entered Materials 153 | -10/Materials | Lost 3 parts (1p1n1w) 318 | -10/Materials | Build established: Mutant 429 | -10/Materials | Core integrity fell below 50% 627 | -10/Materials | Build established: Scavenger-Mutant 925 | -10/Materials | Discovered new exit (range 16) 1015 | -10/Materials | Entered Mines 1130 | -10/Mines | Build established: Mutant 1158 | -10/Mines | Discovered new exit (range 5) 1336 | -10/Mines | Discovered new exit (range 6) 1360 | -10/Mines | Learned 2 Materials zone layouts 1449 | -10/Mines | Learned location of Storage (-7) 1643 | -10/Mines | Deemed a non-threat by the Exiles lab entrance 1646 | -10/Mines | Discovered new exit (range 5) 1660 | -10/Mines | Entered Exiles 1660 | -10/Exiles | Found Exiles lab destroyed 2220 | -10/Exiles | Opened EX-Vault 2237 | -10/Exiles | Found Prototype Storage 2250 | -10/Exiles | Identified Superbattery 2404 | -10/Exiles | Learned location of Zion (-6) 3251 | -10/Exiles | Discovered new exit (range 10) 3275 | -10/Exiles | Entered Mines 3275 | -9/Mines | Accompanied by 1 ally 3660 | -9/Mines | Met a Derelict shopkeep closing up shop 3770 | -9/Mines | Assembled infested the area 3785 | -9/Mines | Core integrity fell below 20% 3891 | -9/Mines | Discovered new exit (range 7) 3920 | -9/Mines | Entered Materials 3920 | -8/Materials | Evolved 4 slots: Propulsion x1, Utility x2, Weapon x1 3921 | -8/Materials | Identified exit to Factory 4580 | -8/Materials | Discovered exit to Factory (range 16) 4625 | -8/Materials | Entered Factory 4625 | -7/Factory | Evolved 2 slots: Propulsion x1, Utility x1 4890 | -7/Factory | Build established: Tank 5210 | -7/Factory | Fabricated Lrn. Terrain Scanner (x1) 5376 | -7/Factory | Identified exit to Garrison 5376 | -7/Factory | Entered Garrison 5924 | -7/Garrison | Triggered checkpoint 5936 | -7/Garrison | Triggered checkpoint 5999 | -7/Garrison | Discovered new exit (range 10) 6104 | -7/Garrison | Garrison Relay disabled 6208 | -7/Garrison | Triggered checkpoint 6252 | -7/Garrison | Destroyed 9 combat bots 6391 | -7/Garrison | Garrison Relay disabled 6440 | -7/Garrison | Discovered new exit (range 9) 6534 | -7/Garrison | Triggered checkpoint 6563 | -7/Garrison | Garrison Relay disabled 6622 | -7/Garrison | Discovered new exit (range 10) 6633 | -7/Garrison | Entered Factory 7000 | -7/Factory | Garrison activated, responded to threat 7150 | -7/Factory | Discovered new exit (range 14) 7302 | -7/Factory | Entered another Factory area 7302 | -6/Factory | Evolved 2 slots: Power x1, Utility x1 7452 | -6/Factory | Identified exit to DSF 7535 | -6/Factory | Build established: Scavenger-Tank 7750 | -6/Factory | Lost 5 parts (2n2u1w) 7987 | -6/Factory | Build established: Scavenger-Mutant 8293 | -6/Factory | Lost 4 parts (1n1u2w) 8591 | -6/Factory | Lost 5 parts (2p1n1u1w) 8835 | -6/Factory | Discovered new exit (range 11) 8869 | -6/Factory | Entered another Factory area 8869 | -5/Factory | Evolved 2 slots: Utility x2 8898 | -5/Factory | Lost 6 parts (1p3n1u1w) 9006 | -5/Factory | Build established: Scavenger-Tank 9155 | -5/Factory | Released all parts (8) 9178 | -5/Factory | Lost 10 parts (2n5u3w) 9251 | -5/Factory | Core integrity fell below 50% 9266 | -5/Factory | Core integrity fell below 20% 9289 | -5/Factory | Destroyed by S-27 Virus with Autogun Last Messages --------------- 09270_ S-27 Virus destroyed. 09270_ Destroyed Unknown Energy Gun. 09270_ P-70 Sage destroyed. 09270_ Destroyed Lgt. Nuclear Core. 09270_ S-27 Virus destroyed. 09270_ Fusion Modulator explodes. 09270_ S-27 Virus destroyed. 09270_ Terminal disabled. 09270_ Destroyed Lgt. Nuclear Core. 09270_ S-27 Virus destroyed. 09273_ K-01 Serf collects debris. 09276_ Acquired Triangulator. 09277_ K-01 Serf collects debris. 09280_ Acquired Hvy. Shock Bomb Launcher. 09281_ U-05 Engineer builds a Wall. 09281_ K-01 Serf collects debris. 09284_ Triangulator destroyed. 09284_ ALERT: Hostiles spotted, dispatching reinforcements to Terminal F013. 09285_ K-01 Serf collects debris. Map ----- +----------------------------------------------------+ | ### #????????????????????????????????????????????? | | #####????????????????????????????????????????????? | | #????????????????????????????????????????????? | | " #????????????????????????????????????????????? | | " #????????????????????????????????????????????? | | " #????????????????????????????????????????????? | | #????????????????????????????????????????????? | | #????????????????????????????????????????????? | | #????????????????????????????????????????????? | | ######???????????????????????????????????????????? | | #???????????????????????????????????????????? | | #???????????????????????????????????????????? | | #???????????????????????????????????????????? | | #????????##############?????????????????????? | | #????????# #?????????????????????? | | #????????#" #?????????????????????? | | #?????? ?#" #?????????????????????? | | ######??? # #?????????????????????? | | ???????? ;= #?????????????????????? | | ######+#####;;*!w #?????????????????????? | | ; #?????????????????????? | | s #?????????????????????? | | ;s #?????????????????????? | | ########### ;! #?????????????????????? | | ??????????# ;%= k #?????????????????????? | | #?????????# ; @ #?????????????????????? | | #?????????# ;; ;;#####?????????????????????? | | #####???### ;;; " ???????????????????????? | | #???# #"##### ?????????????????????? | | ##### ] ?????????????????????? | | ?????????????????????? | | ! ?????????????????????? | | ?????????????????????? | | ##### = ?????????????????????? | | #???# ####### ?????????????????????? | | #???####+####?????# ?????????????????????? | | #????? ???????### ?????????????????????? | | #???""" """ #???????? ?????????????????????? | | ?/ """ """ #???????? ?????????????????????? | | ##### """ """ #???????? ??????????????????????? | | +##???# #????????????????????????????????? | | ??????? ![ #????????????????????????????????? | | ??????? !! #????????????????????????????????? | | ??????# ! !?????????????????????????????????? | | ???????#######???????????????????????????????????? | | ?????????????????????????????????????????????????? | | ?????????????????????????????????????????????????? | | ?????????????????????????????????????????????????? | | ?????????????????????????????????????????????????? | | ?????????????????????????????????????????????????? | +----------------------------------------------------+ Best States ------------- Heat Dissipation 68 Energy Generation 29 Energy Capacity 480 Matter Stores 300 Matter Capacity 300 Sight Range 16 Robot Scan Range 15 Terrain Scan Range 24 Terrain Scan Density 210 Jamming Range 14 Armor Coverage 525 Resistance: KI 20 Resistance: TH 20 Phase Shifting 15 Evasion (%) 55 Recoil Reduction 2 Energy Filtering 30 Kinecelleration 40 Item Schematics ----------------- None Robot Schematics ------------------ None Fabricated ------------ Lrn. Terrain Scanner | x1 | -7/Factory | Preloaded Alien Tech Used ----------------- None Achievements -------------- None Challenges ------------ None Game ------ Seed PointyCoolingLog Manual? 0 Play Time 01:23:57 Cumulative 101.7 hours Start 2023.03.04 @ 12:08:06 End 2023.03.04 @ 13:32:43 Sessions 1 Manual Loads 0 Difficulty Rogue Special Mode None Game No. 81 Rogue 81 Adventurer 0 Explorer 0 Win Type - Total 0 Types 0/0/0/0/0/0/0/0/0 Lore% 47 Gallery% 60 Achievement% 40 Wizard Run 0 Options --------- ASCII 0 Keyboard 0 Movement Arrows Keybinds 1 Fullscreen 0 Font 16/Terminus Map View 76x50 Tactical HUD 1 Map Filters NONE Filters NONE Steam 1 RUN: f45b6904-7f8f-4ffd-9600-21b2492101de